 Dungeon Crawl Stone Soup version 0.30.0-15-g856e2d3f33 (webtiles) character file.

Game seed: 11434611341325968187

44 RascalDebosk the Magician (level 3, 0/25 HPs)
             Began as a Djinni Enchanter on May 20, 2023.
             Slain by a ball python (2 damage)
             ... on level 3 of the Dungeon.
             The game lasted 00:11:57 (1770 turns).

RascalDebosk the Magician (Djinni Enchanter)        Turns: 1770, Time: 00:11:58

Health: 0/25       AC:  3    Str:  7    XL:     3   Next: 87%
Gold:   114        EV:  9    Int: 18    God:
                   SH:  0    Dex: 13

rFire   + + .        s - +1 dagger
rCold   x . .        (no shield)
rNeg    . . .        b - +0 robe
rPois   ∞            (no helmet)
rElec   .            (no cloak)
rCorr   .            m - +0 pair of gloves
SInv    .            (boots unavailable)
Will    .....        (no amulet)
Stlth   ++           (no ring)
HPRegen 0.24/turn    (no ring)
MPRegen 0.00/turn

%: infuse magic (-1 HP)
@: flying, constricted
A: sickness immunity, fire resistance 2, cold vulnerability 1, float, innate
caster, HP casting, extra vitality 1
a: no special abilities


You were on level 3 of the Dungeon.
You visited 1 branch of the dungeon, and saw 3 of its levels.

You collected 114 gold pieces.

Inventory:

Hand Weapons
 s - a +1 dagger (weapon)
Armour
 b - a +0 robe (worn)
 m - a +0 pair of gloves (worn)
Scrolls
 a - 2 scrolls of identify {unknown}
 e - a scroll of fear {unknown}
 f - a scroll of fog {unknown}
 k - 2 scrolls of magic mapping {unknown}
 n - 2 scrolls of teleportation {unknown}
 p - 2 scrolls of enchant armour {unknown}
 q - a scroll of silence {unknown}
Potions
 c - 2 potions of invisibility
 d - a potion of heal wounds {unknown}
 g - 2 potions of flight {unknown}
 h - a potion of might {unknown}
 i - 3 potions of curing {unknown}
 j - 2 potions of haste {unknown}
 l - a potion of attraction {unknown}
 o - a potion of brilliance {unknown}


   Skills:
 - Level 0.8 Short Blades
 - Level 2.1 Dodging
 - Level 2.4 Stealth
 * Level 3.5 Spellcasting


You knew the following spells:

 Your Spells              Type           Power      Damage    Failure   Level
a - Ensorcelled Hibernat  Hex/Ice        32%        N/A       5%          2
b - Confusing Touch       Hex            16%        N/A       11%         3
c - Tukima's Dance        Hex            16%        N/A       11%         3
d - Dazzling Flash        Conj/Hex       32%        N/A       11%         3
e - Summon Small Mammal   Summ           64%        N/A       3%          1
Your spell library was empty.

Dungeon Overview and Level Annotations

Branches:
Dungeon (3/15)

Altars:

Annotations:
D:3 Grinder, Sigmund


Innate Abilities, Weirdness & Mutations

You are immune to sickness and miasma.
You are immune to poison.
Your flesh is very heat resistant. (rF++)
You are vulnerable to cold. (rC-)
You float through the air rather than walking.
You learn spells naturally, not from books.
Your magical power is your life essence.
You have superior vitality. (+4 MHP)


Message History

You puncture the orc!
You kill the orc!
The helpless quokka fails to defend itself.
You puncture the quokka!
You kill the quokka!
Found a pair of boots.
Found a stone staircase leading down.
Sigmund the Dreaded comes into view.
He is wielding a +0 scythe.
Casting: Confusing Touch (quite dangerous; 11% risk of failure)
Confirm with . or Enter, or press ? or * to list all spells.
The spell is quite dangerous to miscast (11% risk of failure)!
Continue anyway?
Aiming: Tukima's Dance (quite dangerous; 11% risk of failure)
Press: ? - help, Shift-Dir - straight line, f - Sigmund
Aim: Sigmund, wielding a +0 scythe and wearing a +0 robe (chance to affect: 58%)
The +0 scythe dances into the air!
Sigmund casts a spell at you. The puff of flame hits you. You resist.
A ball python comes into view.
The ball python bites your +0 scythe.
The ball python grabs your +0 scythe.
The ball python constricts your +0 scythe.
Found a plate armour.
The ball python bites your +0 scythe.
The ball python constricts your +0 scythe.
Your +0 scythe struggles to escape constriction.
Casting: Tukima's Dance (quite dangerous; 11% risk of failure)
Confirm with . or Enter, or press ? or * to list all spells.
The spell is quite dangerous to miscast (11% risk of failure)!
Continue anyway?
Casting: Dazzling Flash (quite dangerous; 11% risk of failure)
Press: ? - help, Dir - look around, f - activate Sigmund is dazzled.
The ball python loses its grip on your +0 scythe.
Your +0 scythe hits the ball python.
The ball python bites your +0 scythe.
The ball python grabs your +0 scythe.
The ball python constricts your +0 scythe.
Casting: Dazzling Flash (quite dangerous; 11% risk of failure)
Confirm with . or Enter, or press ? or * to list all spells.
Aiming: Ensorcelled Hibernation (safe; 5% risk of failure)
Press: ? - help, Shift-Dir - straight line, f - Sigmund
Aim: Sigmund, wearing a +0 robe (blind, ally target, chance to affect: 58%) Sigmund looks drowsy...
The ball python bites your +0 scythe but does no damage.
The ball python constricts your +0 scythe.
Your +0 scythe falls from the air.
The helpless Sigmund fails to defend himself.
You puncture Sigmund!
Sigmund is moderately wounded.
Sigmund completely misses you.
You hit Sigmund.
Sigmund is heavily wounded.
You barely miss Sigmund.
Sigmund is heavily wounded.
Sigmund hits you but does no damage.
You closely miss Sigmund.
Sigmund is heavily wounded.
The ball python barely misses you. The ball python grabs you.
The ball python constricts you.
You escape the ball python's grasp.
Sigmund is no longer blind.
Sigmund misses you.
You hit Sigmund.
Sigmund is heavily wounded.
The ball python misses you. The ball python grabs you.
The ball python constricts you.
You closely miss Sigmund.
Sigmund is heavily wounded.
The ball python bites you. The ball python constricts you.
Sigmund closely misses you.
You closely miss Sigmund.
Sigmund is heavily wounded.
The ball python bites you. The ball python constricts you.
Sigmund barely misses you. The ball python closely misses you.
The ball python constricts you.
You closely miss Sigmund.
Sigmund is heavily wounded.
The ball python bites you. The ball python constricts you.
Unknown command.
You hit Sigmund.
Sigmund is heavily wounded.
Sigmund screams, "Don't try to resist!"
Sigmund closely misses you. The ball python bites you.
* * * LOW HITPOINT WARNING * * *
The ball python constricts you.
* * * LOW HITPOINT WARNING * * *
You hit Sigmund.
Sigmund is severely wounded.
The ball python bites you.
* * * LOW HITPOINT WARNING * * *
The ball python constricts you.
You closely miss Sigmund.
Sigmund is severely wounded.
Sigmund completely misses you. The ball python bites you.
* * * LOW HITPOINT WARNING * * *
The ball python constricts you.
* * * LOW HITPOINT WARNING * * *
You hit Sigmund.
Sigmund is severely wounded.
The ball python bites you.
* * * LOW HITPOINT WARNING * * *
The ball python constricts you. Sigmund hits you but does no damage.
You hit Sigmund.
Sigmund is almost dead.
The ball python bites you.
You die...

#5
#.####.#######.##
.##.......)..#
#.# #######.###.#
#.# ### #.# ..#
#.# #.# #.# #[#
#.# ##.###.###.#
#....@@....#
#)..>.S..........
#.####.#######.##
...# ......
######


You could see Sigmund and a ball python.

Vanquished Creatures
  2 adders (D:2)
  An orc (D:3)
  3 endoplasms
  5 hobgoblins
  A quokka (D:3)
  2 ball pythons (D:2)
  5 bats
  4 frilled lizards
  2 kobolds (D:2)
  A rat (D:1)
26 creatures vanquished.

Vanquished Creatures (others)
  A dancing weapon (D:3)
1 creature vanquished.

Grand Total: 27 creatures vanquished

Notes
Turn   | Place    | Note
-------+----------+-------------------------------------------
     0 | D:1      | RascalDebosk the Djinni Enchanter began the quest for the
                  | Orb.
     0 | D:1      | RascalDebosk set off with the following spells memorised:
                  | Ensorcelled Hibernation, Confusing Touch, Tukima's Dance,
                  | Dazzling Flash.
     0 | D:1      | Reached XP level 1. HP: 15/15 MP: 0/0
   304 | D:1      | Found a faded altar of an unknown god.
   414 | D:1      | Reached XP level 2. HP: 20/21 MP: 0/0
   924 | D:2      | Reached skill level 3 in Spellcasting
   950 | D:2      | Reached XP level 3. HP: 23/25 MP: 0/0
   950 | D:2      | Learned a level 1 spell: Summon Small Mammal
  1603 | D:3      | Noticed Grinder
  1751 | D:3      | Noticed Sigmund
  1769 | D:3      | HP: 1/25 [ball python (3)]
  1770 | D:3      | Slain by a ball python

Illustrated notes

Levels and vault maps discovered:
D:1:      lemuel_arrival_rhombus, layout_loops_ring, basic_ecumenical_altar
D:2:      minmay_spotlight, layout_basic
D:3:      lemuel_castle_with_subvaults [lemuel_castle_interior_carwin_2],
          layout_loops_ring, uniq_jessica, uniq_grinder, uniq_sigmund

Skill      XL: |  1  2 |
---------------+-------+-----
Spellcasting   | 3 |  3.5
Short Blades   | |  0.8
Dodging        | |  2.1
Stealth        | |  2.4

Action                     || total
---------------------------++-------
  Melee: Dagger            ||    79
   Cast: Ensorcelled Hiber ||    14
         Dazzling Flash    ||     2
         Tukima's Dance    ||     1
         Confusing Touch   ||     1
   Stab: Sleeping          ||    23
 Armour: Robe              ||    11
  Dodge: Dodged            ||    34
